 Dungeon Crawl Stone Soup version 0.26-a0-466-g989023bd0d (webtiles) character file.

Game seed: 5802948651412928831

774 sanka the Poker (level 7, -8/59 HPs)
             Began as a Ghoul Abyssal Knight on Aug 14, 2020.
             Was a Priest of Lugonu.
             Mangled by an orc warrior
             ... wielding a +0 glaive
              (15 damage)
             ... on level 6 of the Dungeon.
             The game lasted 00:09:07 (4526 turns).

sanka the Poker (Ghoul Abyssal Knight)              Turns: 4526, Time: 00:09:07

Health: -8/59      AC: 13    Str: 16    XL:     7   Next: 84%
Magic:  7/7        EV:  7    Int:  7    God:    Lugonu [***...]
Gold:   214        SH:  5    Dex: 10    Spells: 6/6 levels left

rFire    . . .     SeeInvis .   a - +0 halberd
rCold    + . .     Faith    .   (shield currently unavailable)
rNeg     + + +     Spirit   .   s - +0 chain mail
rPois    ∞         Reflect  +   (no helmet)
rElec    .         Harm     .   B - scarf {shadows}
rCorr    +                      e - +0 pair of gloves
MR       .....                  (no boots)
Stlth    ..........             n - amulet of reflection
HPRegen  0.00/turn              i - ring of resist corrosion
MPRegen  0.10/turn              r - +4 ring of protection

@: slowed, very slow
A: rotting body, claws 1, cold resistance 1, negative energy resistance 3,
inhibited regeneration, torment resistance, unbreathing
a: Depart the Abyss, Bend Space, Banish, Renounce Religion


You were on level 6 of the Dungeon.
You worshipped Lugonu.
Lugonu was most pleased with you.
You visited 1 branch of the dungeon, and saw 5 of its levels.
You visited the Abyss 1 time.
You also visited: Sewer.

You collected 214 gold pieces.


Innate Abilities, Weirdness & Mutations

Your body is rotting away.
You thrive by killing the living.
You are immune to poison.
You have sharp fingernails.
Your flesh is cold resistant. (rC+)
You are immune to negative energy. (rN+++)
You do not regenerate when monsters are visible.
You are immune to unholy pain and torment.
You can survive without breathing.


   Skills:
 - Level 4.0 Fighting
 + Level 7.6 Polearms
 - Level 2.0 Armour
 - Level 1.0 Dodging
 - Level 2.0 Invocations


You had 6 spell levels left.
You didn't know any spells.
Your spell library was empty.

Inventory:

Hand Weapons
 a - a +0 halberd (weapon)
 b - a +1 spear
Missiles
 d - 38 poisoned darts (quivered)
 m - 4 javelins
Armour
 e - a +0 pair of gloves (worn)
 s - a +0 chain mail (worn)
 B - a scarf of shadows (worn)
 F - a +0 kite shield
Jewellery
 g - an uncursed ring of magical power
 i - a ring of resist corrosion (left hand)
 n - an amulet of reflection (around neck)
 r - a +4 ring of protection (right hand)
Scrolls
 c - 3 scrolls of teleportation {@r4}
 j - 3 scrolls of fear
 k - 3 scrolls of identify {@r1}
 p - a scroll of immolation {unknown}
 q - 3 scrolls of enchant weapon
 u - a scroll of enchant armour {unknown}
 x - a scroll of blinking {unknown}
 y - a scroll of amnesia {unknown}
 D - a scroll of remove curse
 E - a scroll of magic mapping {unknown}
Potions
 f - 2 potions of might {unknown}
 h - 4 potions of brilliance {unknown}
 l - 2 potions of haste {unknown}
 o - a potion of cancellation {unknown}
 t - a potion of lignification {unknown}
 v - a potion of flight {unknown}
 w - 6 potions of curing {unknown}
 z - a potion of ambrosia {unknown}
 A - a potion of mutation {unknown}
 C - 2 potions of stabbing {unknown}

Dungeon Overview and Level Annotations

Branches:
Dungeon (6/15)             Temple (0/1) D:6           Sewer (visited)

Altars:

Annotations:
D:4 Grinder

▒▒.▒▒▒..▒ ▒▒.▒.▒.▒
▒▒.▒▒.▒ ▒▒▒▒o▒
▒.▒▒▒▒ ▒o...▒▒
▒▒▒▒▒▒▒▒▒▒ ▒.....▒
▒........▒▒▒o.....
▒.▒▒....n.oo.....▒
▒.▒▒.▒▒▒o▒▒.....▒▒
▒.▒▒.▒ ▒.▒.....▒▒
▒.▒▒(▒ ▒.......▒
▒.▒▒.▒ ▒▒▒▒..▒▒▒
▒.▒▒.▒ ▒..▒ ▒.▒
▒▒▒▒ ▒.▒ ▒▒▒▒▒.▒▒▒
▒▒▒


You could see an orc warrior, 2 orc wizards and an orc.


Message History

You block the orc warrior's attack.
Unknown command.
You closely miss the orc wizard.
The orc wizard is severely wounded.
The orc wizard hits you but does no damage.
The orc wizard gestures wildly while chanting.
The orc wizard blinks!
The orc warrior closely misses you.
Unknown command.
Unknown command.
The orc wizard casts a spell.
The orc wizard seems to speed up.
The orc wizard barely misses you.
The orc wizard hits you but does no damage.
The orc wizard points at you and mumbles some strange words.
You feel yourself slow down.
The orc wizard mumbles some strange words.
The orc wizard blinks!
The orc wizard gestures at you while chanting.
The magic dart hits you!
* * * LOW HITPOINT WARNING * * *
The orc wizard gestures at you while chanting.
The magic dart hits you but does no damage.
The orc wizard casts a spell.
The orc wizard blinks!
The orc wizard points at you and mumbles some strange words.
The magic dart hits you.
* * * LOW HITPOINT WARNING * * *
The orc warrior hits you from afar with a +0 glaive!
You die...

Action                   |  1- 3 |  4- 6 |  7- 9 || total
-------------------------+-------+-------+-------++-------
Melee: Spear             |    73 |    19 |       ||    92
       Halberd           |    25 |   155 |   238 ||   418
Invok: Depart the Abyss  |     1 |       |       ||     1
  Use: Scroll            |       |     1 |     4 ||     5
Armor: Leather armour    |    22 |    61 |    10 ||    93
       Chain mail        |       |       |   230 ||   230
Dodge: Dodged            |    39 |    90 |   132 ||   261
Block: Other             |     8 |    37 |    98 ||   143
       Reflection        |       |     1 |       ||     1

Levels and vault maps discovered:
D:1:      dpeg_arrival_tiny_k, layout_loops_ring
D:2:      layout_basic
D:3:      layout_loops_ring
D:4:      cheibrodos_fertilizer, layout_cave_pools, lemuel_doored_altar,
          ebering_ghost_rock_garden, uniq_grinder
D:6:      cheibrodos_thug_alley, layout_loops_corners,
          minmay_temple_entry_trees, portal_sewer_entry_d, minmay_starry_boxes

Notes
Turn   | Place    | Note
-------+----------+-------------------------------------------
     0 | Abyss:1  | sanka the Ghoul Abyssal Knight began the quest for the Orb.
     0 | Abyss:1  | Reached XP level 1. HP: 19/19 MP: 1/1
    32 | Abyss:1  | Noticed a worldbinder
    35 | Abyss:1  | Noticed a meliai
    38 | D:1      | Escaped the Abyss
   131 | D:1      | Reached skill level 1 in Dodging
   315 | D:1      | Reached skill level 2 in Polearms
   315 | D:1      | Reached skill level 2 in Armour
   315 | D:1      | Reached XP level 2. HP: 26/26 MP: 2/2
   353 | D:1      | Reached * piety under Lugonu
   927 | D:1      | Reached XP level 3. HP: 4/33 MP: 3/3
  1198 | D:2      | Reached skill level 4 in Fighting
  1457 | D:2      | Reached skill level 3 in Polearms
  1530 | D:2      | Reached XP level 4. HP: 40/40 MP: 4/4
  2431 | D:3      | Reached skill level 4 in Polearms
  2451 | D:3      | Reached XP level 5. HP: 44/46 MP: 5/5
  3113 | D:4      | Noticed a centaur
  3132 | D:4      | Killed a centaur
  3132 | D:4      | Reached skill level 5 in Polearms
  3132 | D:4      | Reached XP level 6. HP: 24/52 MP: 6/6
  3351 | D:4      | Noticed Grinder
  3408 | D:6      | Found a staircase to the Ecumenical Temple.
  3411 | D:6      | Noticed a sky beast
  3439 | D:6      | Reached ** piety under Lugonu
  3447 | D:6      | Killed a sky beast
  3447 | D:6      | Reached skill level 6 in Polearms
  3493 | D:6      | Reached XP level 7. HP: 59/59 MP: 7/7
  3567 | D:6      | Found a glowing drain.
  3586 | Sewer    | Entered a sewer
  4004 | Sewer    | Reached *** piety under Lugonu
  4006 | Sewer    | Reached skill level 7 in Polearms
  4526 | D:6      | Mangled by an orc warrior

Vanquished Creatures
  A sky beast (D:6)
  An ice beast (D:6)
  A centaur (D:4)
  A bullfrog (D:6)
  A scorpion (D:3)
  A howler monkey (D:6)
  A bullfrog skeleton (D:6)
  An iguana (D:6)
  A worker ant (D:6)
  3 gnolls
  11 adders
  6 river rats (Sewer)
  An ufetubus (D:6)
  4 oozes
  A worm (D:2)
  A leopard gecko (D:2)
  2 ball pythons (Sewer)
  3 giant cockroaches
  7 goblins
  5 hobgoblins
  26 kobolds
  2 quokkas
  5 bats
  5 frilled lizards
  A quokka skeleton (D:6)
  26 rats
118 creatures vanquished.

Vanquished Creatures (others)
  6 toadstools (D:4)
6 creatures vanquished.

Grand Total: 124 creatures vanquished
